 Dungeon Crawl Stone Soup version 0.28-a0-616-gdeb3d7f7b4 (webtiles) character file.

Game seed: 17525361744318251396

4959 Conn the Arsonist (level 10, 0/60 HPs)
             Began as an Octopode Fire Elementalist on Oct 6, 2021.
             Was a Follower of Sif Muna.
             Slain by a death yak (27 damage)
             ... on level 8 of the Dungeon.
             The game lasted 00:24:30 (10751 turns).

Conn the Arsonist (Octopode Fire Elementalist)     Turns: 10751, Time: 00:24:31

Health: 0/60       AC:  1    Str:  7    XL:     10   Next: 53%
Magic:  19/27      EV: 29    Int: 21    God:    Sif Muna [*.....]
Gold:   487        SH:  0    Dex: 13    Spells: 3/20 levels left

rFire   + . .      SeeInvis .   c - +4 dagger
rCold   x . .      Faith    .   (no shield)
rNeg    . . .      Spirit   .   (helmet restricted)
rPois   .          Reflect  .   i - amulet of the acrobat
rElec   .          Harm     .   g - ring of resist corrosion
rCorr   +          Rampage  .   o - ring of magical power
Will    .....                   v - ring of fire
Stlth   ++++......              (no ring)
HPRegen 0.20/turn               (no ring)
MPRegen 0.20/turn               (no ring)
                                (no ring)
                                (no ring)

@: acrobatic
A: almost no armour, amphibious, 8 rings, camouflage 1, gelatinous body 1,
(nimble swimmer 1), tentacles
a: Renounce Religion, Channel Magic


You were on level 8 of the Dungeon.
You worshipped Sif Muna.
Sif Muna was aware of your devotion.
You visited 2 branches of the dungeon, and saw 10 of its levels.

You collected 487 gold pieces.

Inventory:

Hand Weapons
 c - a +4 dagger (weapon)
 q - a +2 spear of venom
 y - a +2 spear of freezing
Missiles
 p - a throwing net
Armour
 w - a +2 kite shield
Magical Staves
 n - a staff of cold
Jewellery
 g - a ring of resist corrosion (left tentacle)
 i - an amulet of the acrobat (around mantle)
 j - an amulet of faith
 o - a ring of magical power (right tentacle)
 v - a ring of fire (on tentacle)
Wands
 u - a wand of charming (3)
 x - a wand of flame (40)
 A - a wand of paralysis (8)
 B - a wand of iceblast (8)
Scrolls
 d - 2 scrolls of immolation
 m - a scroll of blinking
 r - 4 scrolls of teleportation
 t - 3 scrolls of fear
 z - 2 scrolls of identify
Potions
 a - 3 potions of curing
 b - a potion of might
 e - a potion of berserk rage
 f - a potion of brilliance
 h - a potion of heal wounds
 k - a potion of invisibility
 l - a potion of lignification
 s - a potion of attraction


   Skills:
 + Level 2.3 Fighting
 + Level 2.6 Short Blades
 + Level 4.2 Dodging
 + Level 6.2 Stealth
 + Level 5.9 Spellcasting
 * Level 7.1 Conjurations
 + Level 1.9 Hexes
 * Level 8.2 Fire Magic
 * Level 2.8 Air Magic
 * Level 3.8 Poison Magic
 * Level 3.7 Invocations


You had 3 spell levels left.
You knew the following spells:

 Your Spells              Type           Power      Damage    Failure   Level
a - Foxfire               Conj/Fire      100%       2x1d9     1%          1
b - Conjure Flame         Conj/Fire      55%        6-21      1%          3
c - Inner Flame           Hex/Fire       41%        N/A       3%          3
d - Flame Wave            Conj/Fire      55%        3d10      4%          4
e - Mephitic Cloud        Conj/Pois/Air  25%        N/A       4%          3
f - Ignite Poison         Fire/Tmut/Pois 34%        N/A       5%          3

Your spell library contained the following spells:

 Spells                   Type           Power      Damage    Failure   Level
 Scorch                   Fire           100%       2d10      1%          2
 Frozen Ramparts          Ice            12%        1d3       30%         3
 Fireball                 Conj/Fire      27%        3d12      12%         5
 Starburst                Conj/Fire      27%        6d9       54%         6
 Freezing Cloud           Conj/Ice/Air   10%        6-21      56%         5
 Ice Form                 Ice/Tmut       6%         N/A       69%         4
 Summon Ice Beast         Ice/Summ       6%         N/A       69%         4
 Ignition                 Fire           28%        3d9       100%        8


Dungeon Overview and Level Annotations

Branches:
Dungeon (9/15)             Temple (1/1) D:4            Lair (0/6) D:8
    Orc: D:9-12

Altars:
Ashenzari
Cheibriados
Dithmenos
Elyvilon
Gozag
Kikubaaqudgha
Makhleb
Nemelex Xobeh
Okawaru
Ru
Sif Muna
Uskayaw
Vehumet
Yredelemnul
The Shining One

Annotations:
D:3 Grinder
D:4 2 transporters, Marsius's ghost, amateur DjFE


Innate Abilities, Weirdness & Mutations

You cannot wear most types of armour.
You are amphibious.
You can wear up to eight rings at the same time.
Your skin changes colour to match your surroundings (Stealth+).
Your rubbery body absorbs attacks. (AC +1, EV +1)
((You are camouflaged near water. (Stealth+)))
You have tentacles for arms and can constrict up to eight enemies at once.


Message History

Unknown command.
The foxfire hits the death yak.
Flame seeps out of the death yak.
The death yak is heavily wounded.
The foxfire hits the death yak but does no damage.
The death yak is heavily wounded.
A howler monkey comes into view.
The death yak is engulfed in blazing flames.
Flame seeps out of the death yak.
The death yak is engulfed in blazing flames.
Casting: Foxfire (safe; 1% risk of failure)
Confirm with . or Enter, or press ? or * to list all spells.
You feel a surge of power!
You conjure some foxfire!
The howler monkey howls!
The death yak gores you!!
The death yak is engulfed in blazing flames.
Unknown command.
The foxfire hits the death yak but does no damage.
The death yak is heavily wounded.
The foxfire hits the yak.
The yak is severely wounded.
The yak is engulfed in blazing flames.
The howler monkey hoots and howls with incredible vigour!
Unknown command.
The death yak is engulfed in blazing flames.
The howler monkey misses you.
Things that are here:
a +0 leather armour; a +0 club
Things that are here:
a +0 flail; a +0 leather armour
Casting: Foxfire (safe; 1% risk of failure)
Confirm with . or Enter, or press ? or * to list all spells.
Okay, then.
Press: ? - help, v - describe, . - travel The floor.
The death yak gores you!
The death yak's inner flame fades away.
The howler monkey hoots and howls with incredible vigour!
You hear a bellow! x2; You hear a howl!
The death yak gores you!!
You die...

#......h###########
#.......# #.......#
#....Y..# . #....Y..#
..#####.......#
........#'#####
.......Y#'###############
........@........p.......
..#####.....#############
. ..........# #########.#
#.# #.#############
#..............
###############


You could see 3 death yaks.

Vanquished Creatures
  A two-headed ogre (D:8)
  An ugly thing (D:7)
  A troll (D:9)
  A yak (D:8)
  2 wyverns
  5 humans (D:8)
  3 vampire mosquitoes (D:8)
  Menkaure (D:4)
  3 water moccasins
  A black bear (D:6)
  An ice beast (D:8)
  A sky beast (D:7)
  2 ogres (D:5)
  2 bullfrogs
  2 gnoll sergeants
  A water moccasin skeleton (D:7)
  5 killer bees (D:8)
  4 howler monkeys
  An orc priest (D:4)
  4 hounds
  Crazy Yiuf (D:5)
  Jessica (D:3)
  2 centaur skeletons (D:7)
  4 iguanas
  A howler monkey zombie (D:7)
  17 gnolls
  7 adders
  A shadow imp (D:7)
  5 worms
  2 dart slugs
  9 orcs
  6 bats
  2 endoplasms
  3 giant cockroaches
  11 goblins
  6 hobgoblins
  3 jackals (D:2)
  3 quokkas
  9 ball pythons
  3 frilled lizards (D:3)
  3 kobolds
  3 rats
144 creatures vanquished.

Vanquished Creatures (others)
  482 foxfires
482 creatures vanquished.

Grand Total: 626 creatures vanquished

Notes
Turn   | Place    | Note
-------+----------+-------------------------------------------
     0 | D:1      | Conn the Octopode Fire Elementalist began the quest for the
                  | Orb.
     0 | D:1      | Reached XP level 1. HP: 11/11 MP: 3/3
   234 | D:1      | Reached XP level 2. HP: 17/17 MP: 5/5
  1153 | D:2      | Reached XP level 3. HP: 21/21 MP: 0/6
  1372 | D:2      | Reached skill level 1 in Fighting
  1677 | D:2      | Reached XP level 4. HP: 27/28 MP: 7/7
  1813 | D:2      | Found a faded altar of an unknown god.
  2149 | D:3      | Noticed Jessica
  2155 | D:3      | Killed Jessica
  2224 | D:3      | Noticed a bullfrog
  2231 | D:3      | Learned a level 3 spell: Conjure Flame
  2235 | D:3      | Learned a level 3 spell: Inner Flame
  2253 | D:3      | Killed a bullfrog
  2254 | D:3      | Reached skill level 1 in Short Blades
  2254 | D:3      | Reached XP level 5. HP: 25/33 MP: 4/9
  2802 | D:3      | Reached XP level 6. HP: 38/38 MP: 5/10
  3047 | D:3      | Noticed Grinder
  3097 | D:3      | Reached skill level 4 in Fire Magic
  3681 | D:4      | Found a transporter.
  3681 | D:4      | Noticed Marsius's ghost (amateur DjFE)
  3697 | D:4      | Found a transporter.
  3805 | D:4      | Noticed Menkaure
  3809 | D:4      | Killed Menkaure
  3810 | D:4      | Reached skill level 5 in Stealth
  3810 | D:4      | Reached XP level 7. HP: 24/44 MP: 4/11
  3819 | D:4      | Found a staircase to the Ecumenical Temple.
  3826 | Temple   | Entered the Ecumenical Temple
  3977 | Temple   | Became a worshipper of Sif Muna the Loreminder
  4565 | D:4      | Found a glowing golden altar of the Shining One.
  4565 | D:4      | Found a burning altar of Makhleb.
  4631 | D:5      | Entered Level 5 of the Dungeon
  5090 | D:6      | Found a snail-covered altar of Cheibriados.
  5410 | D:5      | Reached skill level 5 in Fire Magic
  5958 | D:5      | Reached XP level 8. HP: 49/49 MP: 13/13
  6030 | D:5      | Found a basalt altar of Yredelemnul.
  6199 | D:5      | Found a white marble altar of Elyvilon.
  6524 | D:5      | Found a sparkling altar of Nemelex Xobeh.
  6563 | D:5      | Found a runed translucent door.
  6564 | D:5      | Noticed Crazy Yiuf
  6598 | D:5      | Killed Crazy Yiuf
  6913 | D:6      | Reached * piety under Sif Muna
  7669 | D:7      | Reached skill level 5 in Conjurations
  7879 | D:7      | Reached skill level 6 in Fire Magic
  8295 | D:7      | Noticed a purple ugly thing
  8325 | D:7      | Killed a purple ugly thing
  8326 | D:7      | Reached XP level 9. HP: 54/54 MP: 10/16
  8771 | D:7      | Learned a level 4 spell: Flame Wave
  8775 | D:7      | Learned a level 3 spell: Mephitic Cloud
  8779 | D:7      | Learned a level 3 spell: Ignite Poison
  9002 | D:8      | Noticed a two-headed ogre
  9027 | D:8      | Killed a two-headed ogre
  9028 | D:8      | Reached skill level 5 in Spellcasting
  9028 | D:8      | Reached skill level 1 in Hexes
  9028 | D:8      | Reached skill level 7 in Fire Magic
  9028 | D:8      | Reached skill level 1 in Air Magic
  9028 | D:8      | Reached skill level 1 in Poison Magic
  9028 | D:8      | Reached skill level 1 in Invocations
  9507 | D:8      | Reached XP level 10. HP: 60/60 MP: 17/18
  9678 | D:8      | Noticed a death yak
 10243 | D:9      | Reached skill level 8 in Fire Magic
 10709 | D:8      | Found a staircase to the Lair.
 10711 | D:8      | Noticed a death yak
 10713 | D:8      | Noticed a death yak
 10751 | D:8      | Slain by a death yak

Illustrated notes

Levels and vault maps discovered:
D:1:      mainiacjoe_arrival_reflecting_pool, layout_loops_ring,
          amcnicky_mini_pool_small
D:2:      layout_rooms, shapermc_ecumenical_altar_mp_highgroup, feat_on_display
D:3:      layout_loops_cross, minmay_increasing_density, uniq_jessica,
          uniq_grinder
D:4:      gammafunk_ghost_arena, layout_rooms, amethyst_overflow_temple_binary,
          minmay_temple_entry_mini_moons, minivault_27, minmay_goblin_outpost,
          uniq_menkaure
D:5:      layout_basic, kennysheep_ying_yang, nemelex_dance_club_becter,
          eino_tiny_chamber, uniq_crazy_yiuf_cottage
D:6:      layout_cave_pods, cheibriados_altar_1
D:7:      layout_gridville
D:8:      layout_basic, dpeg_lair_monsters, minmay_ruffians
D:9:      ploomutoo_gammafunk_ghost_potion_laboratory, layout_basic,
          david_orc_2, kennysheep_generic_room_3
Temple:   nicolae_temple_great_sept

Skill      XL: |  1  2  3  4  5  6  7  8  9 10 |
---------------+-------------------------------+-----
Stealth        | 3 4 5 6 |  6.2
Fighting       | 1 2 |  2.3
Short Blades   | 1 2 |  2.6
Conjurations   | 2 3 4 5 6 7 |  7.1
Fire Magic     | 4 5 6 7 8 |  8.2
Spellcasting   | 3 4 5 |  5.9
Dodging        | 4 |  4.2
Hexes          | 1 |  1.9
Air Magic      | 2 |  2.8
Poison Magic   | 2 3 |  3.8
Invocations    | 2 3 |  3.7

Action                   |  1- 3 |  4- 6 |  7- 9 | 10-12 || total
-------------------------+-------+-------+-------+-------++-------
Melee: Unarmed           |     3 |       |       |       ||     3
       Dagger            |    34 |    49 |    38 |     1 ||   122
       Constrict         |    10 |    12 |     8 |       ||    30
       Tentacles         |     2 |    10 |    10 |       ||    22
 Cast: Foxfire           |    36 |    64 |   143 |    54 ||   297
       Conjure Flame     |       |     3 |    10 |     4 ||    17
       Inner Flame       |       |       |    15 |    20 ||    35
       Mephitic Cloud    |       |       |     5 |     3 ||     8
       Flame Wave        |       |       |       |     2 ||     2
  Use: Potion            |     1 |       |     5 |       ||     6
       Scroll            |       |     7 |    10 |     3 ||    20
 Stab: Sleeping          |     4 |     9 |     8 |       ||    21
Armor: Skin              |     8 |     6 |     3 |       ||    17
Dodge: Dodged            |    33 |    28 |    60 |    11 ||   132

Table legend: (Time is in decaauts)
 A = Elapsed time spent in this place.
 B = Non-inter-level travel time spent in this place.
 C = Inter-level travel time spent in this place.
 D = Time resting spent in this place.
 E = Time spent auto-exploring this place.
 F = Levels seen in this place.
 G = Mean time per level.
                   A        B        C        D        E       F      G
               +--------+--------+--------+--------+--------+-----+--------+
         Total |  10746 |  10583 |    163 |    962 |   7468 |  10 | 1074.6 |
       Dungeon |  10582 |  10419 |    163 |    962 |   7325 |   9 | 1175.8 |
        Temple |    163 |    163 |      0 |      0 |    143 |   1 |  163.0 |
               +--------+--------+--------+--------+--------+-----+--------+

Top non-repeatable levels by time:
     D:3: 1460 daAuts
     D:5: 1423 daAuts
     D:8: 1257 daAuts
     D:4: 1231 daAuts
     D:7: 1207 daAuts
     D:6: 1202 daAuts
     D:1: 1109 daAuts
     D:2: 1003 daAuts
     D:9: 687 daAuts
  Temple: 163 daAuts
